 Dungeon Crawl Stone Soup version 0.31-a0-1425-g903e00c (webtiles) character file.

Game seed: 15570524550021006081

35 edsrzf the Conjurer (level 3, -1/21 HPs)
             Began as an Octopode Hedge Wizard on Dec 26, 2023.
             Slain by a quokka (5 damage)
             ... on level 2 of the Dungeon.
             The game lasted 00:02:13 (1122 turns).

edsrzf the Conjurer (Octopode Hedge Wizard)         Turns: 1122, Time: 00:02:14

Health: -1/21      AC:  1    Str:  9    XL:     3   Next: 35%
Magic:  7/7        EV: 13    Int: 18    God:
Gold:   97         SH:  0    Dex: 11    Spells: 7/8 levels left

rFire   . . .        a - +0 dagger
rCold   . . .        (no shield)
rNeg    . . .        b - +0 hat
rPois   .            (no amulet)
rElec   .            (no ring)
rCorr   .            (no ring)
SInv    .            (no ring)
Will    .....        (no ring)
Stlth   +++          (no ring)
HPRegen 0.23/turn    (no ring)
MPRegen 0.10/turn    (no ring)
                     (no ring)

%: no passive effects
@: lethally poisoned (-1 -> -3), attractive
A: almost no armour, amphibious, 8 rings, camouflage 1, gelatinous body 1,
(nimble swimmer 1), tentacles
a: no special abilities


You were on level 2 of the Dungeon.
You visited 1 branch of the dungeon, and saw 2 of its levels.

You collected 97 gold pieces.

Inventory:

Hand Weapons
 a - a +0 dagger (weapon)
Armour
 b - a +0 hat (worn)
Talismans
 i - a maw talisman
Wands
 j - a wand of iceblast (12)
Scrolls
 d - 2 scrolls of poison {unknown}
 e - a scroll of amnesia {unknown}
 g - a scroll of immolation {unknown}
 h - a scroll of teleportation {unknown}
Potions
 c - a potion of magic
 k - a potion of degeneration {unknown}


   Skills:
 - Level 2.0 Dodging
 - Level 2.6 Stealth
 - Level 3.0 Spellcasting
 + Level 3.2 Conjurations
 - Level 1.0 Summonings
 - Level 1.0 Translocations


You had 7 spell levels left.
You knew the following spells:

 Your Spells              Type           Power      Damage    Failure   Level
X - Magic Dart            Conj           56%        1d5       4%          1

Your spell library contained the following spells:

 Spells                   Type           Power      Damage    Failure   Level
 Necrotise                Necr           8%         1d4       16%         1
 Slow                     Hex            8%         N/A       16%         1
 Blink                    Tloc           12%        N/A       16%         2
 Call Imp                 Summ           12%        N/A       16%         2
 Cigotuvi's Dreadful Rot  Necr/Alch/Air  4%         N/A       24%         2
 Mephitic Cloud           Conj/Alch/Air  6%         N/A       32%         3
 Vampiric Draining        Necr           2%         2d6       43%         3
 Agony                    Necr           2%         N/A       99%         5


Dungeon Overview and Level Annotations

Branches:
Dungeon (2/15)

Altars:

Annotations:
D:2 Jessica


Innate Abilities, Weirdness & Mutations

You cannot wear most types of armour.
You are amphibious.
You can wear up to eight rings at the same time.
Your skin changes colour to match your surroundings (Stealth+).
Your rubbery body absorbs attacks. (AC +1, EV +1)
((You are camouflaged when in or above water. (Stealth+)))
You have tentacles for arms and can constrict up to eight enemies at once.


Message History

The magic dart hits the frilled lizard.
You kill the frilled lizard!
You start resting.
A goblin comes into view. It is wielding a +0 dagger.
Casting: Magic Dart (safe; 4% risk of failure)
Confirm with . or Enter, or press ? or * to list all spells.
The magic dart hits the goblin.
You kill the goblin!
You start resting.
A ball python comes into view.
Casting: Magic Dart (safe; 4% risk of failure)
Confirm with . or Enter, or press ? or * to list all spells.
The magic dart hits the ball python.
The ball python is moderately wounded.
The ball python hisses angrily.
Casting: Magic Dart (safe; 4% risk of failure)
Confirm with . or Enter, or press ? or * to list all spells.
The magic dart hits the ball python.
The ball python is severely wounded.
Casting: Magic Dart (safe; 4% risk of failure)
Confirm with . or Enter, or press ? or * to list all spells.
The magic dart hits the ball python.
You kill the ball python!
You start resting.
Magic restored.
Things that are here:
a +0 dagger; a goblin corpse An adder comes into view.
A rat comes into view.
The rat squeaks loudly.
The rat attacks as it pursues you! The rat bites you.
You hit the rat.
You kill the rat!
You see here a rat corpse.
The adder barely misses you.
You miss the adder. You grab the adder. You constrict the adder.
The adder closely misses you.
You hit the adder.
The adder is lightly wounded.
You constrict the adder. The adder barely misses you.
You hit the adder.
The adder is moderately wounded.
You constrict the adder. The adder closely misses you.
You hit the adder.
The adder is severely wounded.
You constrict the adder. The adder barely misses you. The adder misses you.
You hit the adder.
You kill the adder!
Your Conjurations skill increases to level 3!
Unknown command.
You see here an adder corpse.
Found a scroll labelled JAUPPAEBUS.
Found a sling.
Found an escape hatch in the ceiling.
Jessica the Apprentice Sorceress comes into view.
She is wielding a +0 dagger.
Press: ? - help, v - describe, . - travel
Here: Jessica, wielding a +0 dagger and wearing a +0 robe (asleep)
The floor.
Placed new exclusion.
Found a stone staircase leading up.
Found 8 gold pieces.
You now have 89 gold pieces (gained 13).
Found a chain mail.
An adder comes into view.
The adder moves out of view.
A goblin comes into view. It is wielding a +0 dagger.
You see here 8 gold pieces.
A goblin is nearby!
You now have 97 gold pieces (gained 8).
The goblin shouts!
A kobold comes into view. It is wielding a +0 short sword.
A giant cockroach and a quokka come into view.
The kobold shouts!
You barely miss the goblin. Your grab misses the goblin.
The goblin barely misses you.
You hit the goblin. Your grab misses the goblin.
The goblin is heavily wounded.
The goblin hits you with a +0 dagger. The adder attacks as it pursues you!
The adder bites you.
You are poisoned.
The adder poisons you!
The giant cockroach waves its antennae.
The quokka misses you. The adder closely misses you.
The kobold hits you with a +0 short sword.
You feel sick. The quokka attacks as it pursues you! The quokka misses you.
Okay, then.
Okay, then.
You hit the giant cockroach. Your grab misses the giant cockroach.
The giant cockroach is severely wounded.
You feel sick. The giant cockroach barely misses you. The quokka bites you.
* * * LOW HITPOINT WARNING * * *
Press: ? - help, v - describe, . - travel
Here: a giant cockroach (severely wounded)
The floor.
It was a potion of attraction.
You feel attractive to monsters.
You feel sick. The giant cockroach bites you.
* * * LOW HITPOINT WARNING * * *
The quokka bites you.
You die...

. ######### ..#####
#........ ..#...#####
######........
.)#.......###....g........
..#..............B........
..#....<........@rS.......
.##.......##..####K.......
?..........#..# #........
..#.....<....... .........
..########.#.†..[.........
..###### #....#.##........
.......##.................
..##.........### ...####
..##.........#


You could see an adder, a quokka, a giant cockroach, a goblin and a kobold.

Vanquished Creatures
  An adder (D:2)
  A dart slug (D:1)
  2 bats
  An endoplasm (D:1)
  A giant cockroach (D:1)
  4 goblins
  A hobgoblin (D:1)
  A kobold (D:2)
  2 quokkas (D:1)
  3 ball pythons
  3 frilled lizards
  5 rats
25 creatures vanquished.

Notes
Turn   | Place    | Note
-------+----------+-------------------------------------------
     0 | D:1      | edsrzf the Octopode Hedge Wizard began the quest for the
                  | Orb.
     0 | D:1      | Reached XP level 1. HP: 11/11 MP: 4/4
   194 | D:1      | Reached skill level 2 in Conjurations
   194 | D:1      | Reached XP level 2. HP: 17/17 MP: 0/6
   989 | D:2      | Reached XP level 3. HP: 21/21 MP: 4/7
  1085 | D:2      | Reached skill level 3 in Conjurations
  1092 | D:2      | Noticed Jessica
  1122 | D:2      | Identified a potion of attraction
  1122 | D:2      | Slain by a quokka

Illustrated notes

Levels and vault maps discovered:
D:1:      psy_arrival_whirlpool, layout_loops_cross, st_stairs_4
D:2:      layout_rooms, basic_altar, serial_shops, nicolae_diamond_shop,
          dk_noncrumbling_3, uniq_natasha, uniq_terence, uniq_jessica

Skill      XL: |  1  2  3 |
---------------+----------+-----
Conjurations   | 2 3 |  3.2
Dodging        | |  2.0
Stealth        | |  2.6
Spellcasting   | |  3.0
Summonings     | |  1.0
Translocations | |  1.0

Action                     || total
---------------------------++-------
  Melee: Dagger            ||    29
         Constrict         ||     5
         Tentacles         ||     3
   Cast: Magic Dart        ||    34
    Use: Potion            ||     1
   Stab: Sleeping          ||     2
 Armour: Skin              ||    13
  Dodge: Dodged            ||    19

Table legend: (Time is in decaauts)
 A = Elapsed time spent in this place.
 B = Non-inter-level travel time spent in this place.
 C = Inter-level travel time spent in this place.
 D = Time resting spent in this place.
 E = Time spent auto-exploring this place.
 F = Levels seen in this place.
 G = Mean time per level.
                   A        B        C        D        E       F      G
               +--------+--------+--------+--------+--------+-----+--------+
         Total |   1121 |   1072 |     49 |    211 |    686 |   2 |  560.5 |
       Dungeon |   1121 |   1072 |     49 |    211 |    686 |   2 |  560.5 |
               +--------+--------+--------+--------+--------+-----+--------+

Top non-repeatable levels by time:
     D:1: 907 daAuts
     D:2: 214 daAuts
